AoeStats
← CaP

Black Forest

503923296Analyzed
3v3 RM · 1mo ago on Sep 3, 2026· 52m 44s· 6 players
Game mode
Random Map
Map size
Normal (6 player)
Population
200
Speed
Normal
Resources
Standard
Victory
Conquest
Starting age
Dark Age
Ending age
Imperial Age
RankedLock teamsTeams togetherTeam positionsShared explorationLock speedFull tech treeHidden civsTurbo modeCheats
Victory
Defeat
🇮🇳 Mongols · India
1474
+10
🇺🇸 Hindustanis · United States
1371
+15
🇨🇦 Aztecs · Canada
1285
+19
🇨🇴 Celts · Colombia
1402
-17
🇦🇺 Teutons · Australia
1330
-14
🇺🇸 Franks · United States
1317
-13
CaP
8:46 Loom
12:43 Feudal Age
13:34 Double-Bit Axe
13:31 Horse Collar
16:18 Castle Age
17:22 Bow Saw
22:47 Fletching
24:25 Bodkin Arrow
26:41 Padded Archer Armor
27:33 Wheelbarrow
26:43 Town Watch
29:37 Ballistics
32:33 Imperial Age
33:13 Fortified Wall
33:18 Bracer
34:38 Chemistry
37:33 Onager
38:07 Elite Mangudai
40:15 Drill
40:16 Conscription
41:28 Siege Onager
48:34 Caravan
FGD
0:50 Loom
15:52 Feudal Age
20:11 Double-Bit Axe
37:13 Castle Age
35:12 Horse Collar
38:23 Heavy Plow
38:38 Bow Saw
39:09 Wheelbarrow
43:04 Scale Mail Armor
44:03 Hand Cart
46:24 Town Watch
47:20 Caravan
47:46 Chain Mail Armor
48:45 Pikeman
49:26 Squires
49:42 Forging
50:09 Arson
53:27 Iron Casting
52:43 Fletching
MJZ
1:23 Loom
10:46 Feudal Age
11:34 Feudal Age
16:03 Castle Age
14:08 Double-Bit Axe
17:07 Bow Saw
17:03 Gold Mining
26:58 Wheelbarrow
26:08 Town Watch
27:17 Bloodlines
27:07 Husbandry
27:25 Husbandry
28:21 Husbandry
28:27 Scale Barding Armor
28:15 Horse Collar
30:12 Chain Barding Armor
33:25 Gold Mining
34:10 Heavy Plow
34:43 Forging
38:30 Imperial Age
38:34 Hand Cart
40:13 Chemistry
39:25 Masonry
40:41 Conscription
40:30 Shatagni
41:53 Grand Trunk Road
42:00 Padded Archer Armor
42:36 Plate Barding Armor
41:34 Heavy Camel Rider
44:02 Leather Archer Armor
44:51 Siege Engineers
46:04 Two-Man Saw
47:01 Ring Archer Armor
47:37 Iron Casting
47:01 Imperial Camel Rider
50:24 Caravan
Muley | Angel Fire
5:27 Loom
11:24 Feudal Age
12:51 Double-Bit Axe
15:34 Castle Age
16:29 Bow Saw
24:27 Husbandry
24:54 Scale Barding Armor
27:22 Wheelbarrow
26:51 Gold Mining
27:53 Chain Barding Armor
29:07 Forging
31:52 Iron Casting
30:46 Elite Skirmisher
34:38 Imperial Age
32:08 Fletching
34:37 Bodkin Arrow
35:13 Ballistics
34:47 Cavalier
36:31 Chemistry
35:30 Loom
37:44 Blast Furnace
37:53 Gold Shaft Mining
37:32 Padded Archer Armor
38:39 Paladin
41:05 Hand Cart
40:20 Light Cavalry
41:47 Siege Engineers
48:28 Conscription
50:01 Hoardings
lethe711
1:20 Loom
11:08 Feudal Age
13:05 Fletching
13:02 Double-Bit Axe
18:13 Horse Collar
22:54 Castle Age
22:30 Gold Mining
24:39 Scale Barding Armor
25:09 Bloodlines
30:06 Bow Saw
30:15 Pikeman
31:35 Forging
38:59 Imperial Age
40:08 Conscription
39:57 Squires
40:47 Heavy Plow
42:18 Onager
44:38 Siege Engineers
44:38 Scale Mail Armor
44:34 Halberdier
46:07 Capped Ram
50:08 Crenellations
AiM | Yellowdanger
0:25 Loom
20:53 Feudal Age
22:27 Fletching
23:52 Wheelbarrow
29:12 Castle Age
27:49 Gold Mining
28:14 Double-Bit Axe
28:40 Horse Collar
29:18 Stone Mining
30:11 Hand Cart
31:59 Scale Mail Armor
32:59 Fervor
35:24 Bow Saw
36:18 Fortified Wall
43:14 Heavy Plow
48:03 Imperial Age
46:30 Gold Shaft Mining
47:00 Chain Mail Armor
47:12 Forging
47:44 Masonry
47:14 Treadmill Crane
49:10 Stone Shaft Mining
49:16 Plate Mail Armor
49:16 Conscription
48:19 Elite Woad Raider
49:01 Town Watch
48:43 Capped Ram
50:27 Chemistry
50:32 Iron Casting
49:33 Siege Ram
50:31 Furor Celtica
50:33 Pikeman
52:35 Blast Furnace
53:07 Hoardings
52:31 Murder Holes
52:06 Onager
Connection lost

Rejoining the realm…

Still unreachable

The connection could not be restored.

Session expired

The server has moved on; the page needs a fresh start.